 Dungeon Crawl Stone Soup version 0.24.0-29-g8ce449bc06 (webtiles) character file.

Game seed: 16271593336643678434, levelgen mode: deterministic

21 night the Sneak (level 2, -2/13 HPs)
             Began as a Vine Stalker Enchanter on Nov 13, 2019.
             Slain by an adder (4 damage)
             ... on level 2 of the Dungeon.
             The game lasted 00:01:51 (892 turns).

night the Sneak (Vine Stalker Enchanter)             Turns: 892, Time: 00:01:52

Health: -2/13      AC:  5    Str: 10    XL:     2   Next: 83%
Magic:  0/6        EV: 12    Int: 15    God:
Gold:   144        SH:  0    Dex: 14    Spells: 2/5 levels left

rFire    . . .     SeeInvis .   a - +1 dagger
rCold    . . .     Gourm    .   (no shield)
rNeg     . . .     Faith    .   b - +0 robe
rPois    .         Spirit   +   (no helmet)
rElec    .         Reflect  .   (no cloak)
rCorr    .         Harm     .   (no gloves)
MR       .....                  (no boots)
Stlth    +++.......             (no amulet)
HPRegen  0.04/turn              h - +3 ring of protection
MPRegen  0.10/turn              (no ring)

@: lethally poisoned (-2 -> -11)
A: fangs 2, magic shield, antimagic bite, no potion heal 3, rot immunity
a: no special abilities


You were on level 2 of the Dungeon.
You were not hungry.

You visited 1 branch of the dungeon, and saw 2 of its levels.

You collected 144 gold pieces.

Inventory:

Hand Weapons
 a - a +1 dagger (weapon)
Armour
 b - a +0 robe (worn)
Jewellery
 h - a +3 ring of protection (left hand)
Scrolls
 e - a scroll of magic mapping {unknown}
 f - a scroll of noise {unknown}
 k - 2 scrolls of remove curse {unknown}
Potions
 c - a potion of magic {unknown}
 g - a potion of curing {unknown}
 i - a potion of degeneration {unknown}
Comestibles
 d - 2 rations
 j - 5 chunks of flesh


   Skills:
 + Level 1.2 Short Blades
 - Level 1.5 Dodging
 + Level 3.9 Stealth
 + Level 2.4 Spellcasting
 * Level 3.4 Hexes


You had 2 spell levels left.
You knew the following spells:

 Your Spells              Type           Power        Failure   Level  Hunger
a - Corona                Hex            ##.....      5%          1    #......
b - Ensorcelled Hibernat  Hex/Ice        #.....       16%         2    ###....

Your spell library contained the following spells:

 Spells                   Type           Power        Failure   Level  Hunger
 Confuse                  Hex            ##......     16%         3    ###....
 Tukima's Dance           Hex            ##......     16%         3    ###....
 Dazzling Spray           Conj/Hex       #.....       32%         3    ###....


Dungeon Overview and Level Annotations

Branches:
Dungeon (2/15)

Altars:


Innate Abilities, Weirdness & Mutations

You have extremely sharp teeth.
When hurt, damage is shared between your health and your magic reserves.
Your bite disrupts and absorbs the magic of your enemies.
Potions cannot restore your health.
You are immune to rotting.


Message History

The adder bites you.
You are lethally poisoned!
The adder poisons you! The adder bites you.
You hit the adder.
The adder is lightly wounded.
The adder barely misses you.
You hit the adder. You bite the adder, but do no damage.
The adder is lightly wounded.
You feel sick. The adder misses you.
You barely miss the adder. You bite the adder, but do no damage.
The adder is lightly wounded.
You feel sick. The adder bites you.
* * * LOW HITPOINT WARNING * * *
Casting: Ensorcelled Hibernation (safe; 16% risk of failure)
Confirm with . or Enter, or press ? or * to list all spells.
Aiming: Corona (safe; 5% risk of failure)
Press: ? - help, Shift-Dir - straight line, f/p - adder
Aim: an adder (lightly wounded, chance to defeat MR: 57%)
The adder is outlined in light.
The adder bites you.
You die...

.....
.....
#...#
#...##
#...?
#...#
#.S.#
#@#
###


You could see an adder.

Vanquished Creatures
  A dart slug (D:1)
  A leopard gecko (D:1)
  2 giant cockroaches (D:1)
  4 goblins (D:1)
  A hobgoblin (D:1)
  A ball python (D:1)
  3 bats (D:1)
  A frilled lizard (D:1)
  A kobold (D:1)
  2 rats (D:1)
17 creatures vanquished.

Notes
Turn   | Place    | Note
-------+----------+-------------------------------------------
     0 | D:1      | night the Vine Stalker Enchanter began the quest for the
                  | Orb.
     0 | D:1      | Reached XP level 1. HP: 9/9 MP: 4/4
    32 | D:1      | Reached skill level 1 in Short Blades
   197 | D:1      | Reached XP level 2. HP: 2/13 MP: 0/6
   766 | D:1      | Learned a level 2 spell: Ensorcelled Hibernation
   892 | D:2      | Slain by an adder

Levels and vault maps discovered:
D:1:      nicolae_arrival_washed_ashore, layout_basic, minivault_24,
          dk_noncrumbling_3
D:2:      layout_basic, uniq_sigmund

Skill      XL: |  1 |
---------------+----+-----
Short Blades   | 1 |  1.2
Dodging        | |  1.5
Stealth        | |  3.9
Spellcasting   | |  2.4
Hexes          | |  3.4

Action                   || total
-------------------------++-------
Melee: Dagger            ||    51
       Bite              ||    12
 Cast: Corona            ||     5
       Ensorcelled Hiber ||     4
 Stab: Sleeping          ||     4
Armor: Robe              ||     8
Dodge: Dodged            ||    29
